 Dungeon Crawl Stone Soup version 0.30-a0-778-g2ef04afb54 (webtiles) character file.

Game seed: 16891388333025760480

23 Lobster4 the Chiller (level 2, 0/21 HPs)
             Began as a Merfolk Ice Elementalist on Feb 15, 2023.
             Succumbed to an adder's poison
             ... on level 2 of the Dungeon.
             The game lasted 00:02:41 (1022 turns).

Lobster4 the Chiller (Merfolk Ice Elementalist)     Turns: 1022, Time: 00:02:41

Health: 0/21       AC:  2    Str:  8    XL:     2   Next: 95%
Magic:  1/5        EV: 13    Int: 14    God:
Gold:   36         SH:  0    Dex: 14    Spells: 4/5 levels left

rFire   . . .      SeeInvis .    c - +1 dagger (venom)
rCold   . . .      Faith    .    (no shield)
rNeg    . . .      Spirit   .    a - +0 robe
rPois   .          Reflect  .    (no helmet)
rElec   .          Harm     .    (no cloak)
rCorr   .          Rampage  .    (no gloves)
Will    .....                    (no boots)
Stlth   ++                       (no amulet)
HPRegen 0.23/turn                (no ring)
MPRegen 0.09/turn                (no ring)

@: lethally poisoned (0 -> -7)
A: (nimble swimmer 2), mertail
a: no special abilities


You were on level 2 of the Dungeon.
You visited 1 branch of the dungeon, and saw 2 of its levels.

You collected 36 gold pieces.

Inventory:

Hand Weapons
 c - a +1 dagger of venom (weapon)
Armour
 a - a +0 robe (worn)
 e - a +0 leather armour
Potions
 d - a potion of curing {unknown}


   Skills:
 + Level 1.0 Fighting
 + Level 1.0 Short Blades
 + Level 3.1 Dodging
 - Level 2.1 Stealth
 + Level 2.2 Spellcasting
 + Level 4.6 Ice Magic


You had 4 spell levels left.
You knew the following spells:

 Your Spells              Type           Power      Damage    Failure   Level
a - Freeze                Ice            56%        1d7       3%          1

Your spell library contained the following spells:

 Spells                   Type           Power      Damage    Failure   Level
 Frozen Ramparts          Ice            28%        1d5       11%         3
 Ozocubu's Armour         Ice            14%        N/A       11%         3
 Ensorcelled Hibernation  Hex/Ice        16%        N/A       14%         2
 Passwall                 Tmut/Erth      0%         N/A       34%         2
 Swiftness                Air            1%         N/A       56%         3
 Summon Ice Beast         Ice/Summ       8%         N/A       65%         4


Dungeon Overview and Level Annotations

Branches:
Dungeon (2/15)

Altars:

Shops:
D:1 !([


Innate Abilities, Weirdness & Mutations

((You are very nimble when in or above water. (Stealth+, EV+, Speed+++)))
Your lower body shifts to a powerful aquatic tail in water.


Message History

You freeze the goblin.
The goblin is moderately wounded.
The goblin misses you.
Casting: Freeze (safe; 3% risk of failure)
Confirm with . or Enter, or press ? or * to list all spells.
Aiming: Freeze (safe; 3% risk of failure)
Press: ? - help, Shift-Dir - straight line, f/p - goblin
Aim: a goblin, wielding a +0 club (moderately wounded)
You freeze the goblin.
The goblin is heavily wounded.
The adder misses you. The goblin closely misses you.
The adder closely misses you.
Casting: Freeze (safe; 3% risk of failure)
Confirm with . or Enter, or press ? or * to list all spells.
Aiming: Freeze (safe; 3% risk of failure)
Press: ? - help, Shift-Dir - straight line, f/p - goblin
Aim: a goblin, wielding a +0 club (heavily wounded)
You freeze the goblin.
You kill the goblin!
The adder barely misses you.
Casting: Freeze (safe; 3% risk of failure)
Confirm with . or Enter, or press ? or * to list all spells.
Aiming: Freeze (safe; 3% risk of failure)
Press: ? - help, Shift-Dir - straight line, f - adder
Aim: an adder You freeze the adder.
The adder is lightly wounded.
The adder bites you.
* * * LOW HITPOINT WARNING * * *
You are lethally poisoned!
The adder poisons you!
Casting: Freeze (safe; 3% risk of failure)
Confirm with . or Enter, or press ? or * to list all spells.
Aiming: Freeze (safe; 3% risk of failure)
Press: ? - help, Shift-Dir - straight line, f/p - adder
Aim: an adder (lightly wounded)
You freeze the adder!
The adder is severely wounded.
The adder seems to slow down.
You die...

#..........
#..........#
#...........
##......$....
##............
#.............
#...........
#..@........
#..S)†##...
#.....#
#.....## ..
#......#....
#............
#..<..#......
#............
#...##.......


You could see an adder (slow).

Vanquished Creatures
  A dart slug (D:2)
  5 ball pythons
  An endoplasm (D:1)
  A giant cockroach (D:1)
  2 hobgoblins (D:1)
  2 quokkas (D:1)
  2 bats
  3 goblins
  A kobold (D:1)
  A rat (D:1)
19 creatures vanquished.

Notes
Turn   | Place    | Note
-------+----------+-------------------------------------------
     0 | D:1      | Lobster4 the Merfolk Ice Elementalist began the quest for
                  | the Orb.
     0 | D:1      | Reached XP level 1. HP: 13/13 MP: 3/3
    41 | D:1      | Found a faded altar of an unknown god.
    97 | D:1      | Found Maxenapp's Antique Armour Shoppe.
   226 | D:1      | Found Mogusk's Distillery.
   348 | D:1      | Reached XP level 2. HP: 20/20 MP: 1/5
   714 | D:1      | Found Rorphuhi's Weapon Shop.
  1010 | D:2      | Reached skill level 1 in Fighting
  1017 | D:2      | Reached skill level 1 in Short Blades
  1022 | D:2      | Succumbed to an adder's poison

Illustrated notes

Levels and vault maps discovered:
D:1:      matt_arrival_diagonals, layout_basic, ebering_ecumenical_altar_rust,
          serial_shops, nicolae_square_shop, shop, shop
D:2:      layout_rooms, kennysheep_jessica_study

Skill      XL: |  1  2 |
---------------+-------+-----
Dodging        | 3 |  3.1
Fighting       | 1 |  1.0
Short Blades   | 1 |  1.0
Stealth        | |  2.1
Spellcasting   | |  2.2
Ice Magic      | |  4.6

Action                     || total
---------------------------++-------
  Melee: Dagger            ||    33
   Cast: Freeze            ||    19
    Use: Potion            ||     1
   Stab: Sleeping          ||     1
 Armour: Robe              ||    14
  Dodge: Dodged            ||    28

Table legend: (Time is in decaauts)
 A = Elapsed time spent in this place.
 B = Non-inter-level travel time spent in this place.
 C = Inter-level travel time spent in this place.
 D = Time resting spent in this place.
 E = Time spent auto-exploring this place.
 F = Levels seen in this place.
 G = Mean time per level.
                   A        B        C        D        E       F      G
               +--------+--------+--------+--------+--------+-----+--------+
         Total |   1020 |   1011 |      9 |      0 |    864 |   2 |  510.0 |
       Dungeon |   1020 |   1011 |      9 |      0 |    864 |   2 |  510.0 |
               +--------+--------+--------+--------+--------+-----+--------+

Top non-repeatable levels by time:
     D:1: 997 daAuts
     D:2: 23 daAuts
